 Dungeon Crawl Stone Soup version 0.22-b1-26-g9dbaab1 (webtiles) character file.

2256 Goblin1989 the Slicer (level 9, -5/54 (55) HPs)
             Began as a Kobold Fighter on Aug 8, 2018.
             Was a Believer of Wu Jian.
             Slain by a two-headed ogre
             ... wielding a +0 great mace
              (23 damage)
             ... on level 8 of the Dungeon.
             The game lasted 00:10:15 (5049 turns).

Goblin1989 the Slicer (Kobold Fighter)              Turns: 5049, Time: 00:10:16

HP:   -5/54 (55)    AC: 10    Str: 16    XL:     9   Next: 64%
MP:   12/12         EV: 16    Int:  9    God:    Wu Jian [**....]
Gold: 316           SH: 10    Dex: 15    Spells: 8/8 levels left

rFire    . . .     SeeInvis .   b - +0 dagger (elec)
rCold    . . .     Gourm    .   c - +0 shield
rNeg     . . .     Faith    .   j - +0 scale mail
rPois    .         Spirit   .   (no helmet)
rElec    .         Reflect  .   (no cloak)
rCorr    .         Harm     .   s - +0 pair of gloves
MR       .....                  m - +1 pair of boots
Stlth    ..........             (no amulet)
HPRegen  0.18/turn              f - +4 ring of evasion
MPRegen  0.13/turn              y - +4 ring of slaying

@: no status effects
A: small, carnivore
a: Wall Jump, Renounce Religion


You were on level 8 of the Dungeon.
You worshipped Wu Jian.
Wu Jian was pleased with you.
You were completely stuffed.

You visited 1 branch of the dungeon, and saw 7 of its levels.

You collected 316 gold pieces.

Inventory:

Hand Weapons
 a - a +0 rapier
 b - a +0 dagger of electrocution (weapon)
 k - a +1 dagger of protection
 A - the +6 long sword of Valour {holy, rPois rF- rC+++ MR+}
   (You found it on level 4 of the Dungeon)

   It has been blessed by the Shining One to cause great damage to the undead
   and demons.
   It makes you vulnerable to fire.
   It renders you almost immune to cold.
   It protects you from poison.
   It affects your resistance to hostile enchantments.
Armour
 c - a +0 shield (worn)
 j - a +0 scale mail (worn)
 m - a +1 pair of boots (worn)
 s - a +0 pair of gloves (worn)
 E - a +0 helmet
Jewellery
 f - a +4 ring of evasion (left hand)
 y - a +4 ring of slaying (right hand)
 z - a +6 ring of intelligence
 J - a cursed ring of teleportation {unknown}
 K - an uncursed amulet of faith {unknown}
Wands
 D - a wand of flame (16) {@v6}
 N - a wand of acid (5) {@v2}
Scrolls
 h - 4 scrolls of remove curse {unknown}
 n - 2 scrolls of teleportation {unknown}
 p - 6 scrolls of identify {unknown}
 t - 2 scrolls of immolation {unknown}
 u - a scroll of enchant armour {unknown}
 x - 3 scrolls of noise {unknown}
 F - 2 scrolls of fear {unknown}
 I - a scroll of brand weapon {unknown}
 L - a scroll of blinking {unknown}
Potions
 d - a potion of might {@q4}
 g - a potion of heal wounds {unknown}
 i - 3 potions of haste {unknown}
 q - 3 potions of curing {unknown}
 v - a potion of cancellation {unknown}
 w - a potion of mutation {unknown}
 C - 2 potions of berserk rage {unknown}
 G - 2 potions of flight {unknown}
Comestibles
 e - 14 rations
 M - 3 chunks of flesh


   Skills:
 + Level 6.1 Fighting
 * Level 9.3 Short Blades
 + Level 4.6 Armour
 + Level 5.3 Dodging
 + Level 4.6 Shields
 + Level 4.0 Evocations


You had 8 spell levels left.
You didn't know any spells.
Your spell library contained the following spells:

 Spells                   Type           Power        Failure   Level  Hunger
 Confuse                  Hex            #.......     100%        3    ####...
 Tukima's Dance           Hex            #.......     100%        3    ####...
 Ensorcelled Hibernation  Hex/Ice        #.....       100%        2    ###....
 Corona                   Hex            #......      99%         1    ##.....
 Dazzling Spray           Conj/Hex       #.....       100%        3    ####...


Dungeon Overview and Level Annotations

Branches:
Dungeon (6/15)             Temple (0/1) D:4

Altars:
Ashenzari
Cheibriados
Elyvilon
Fedhas
Kikubaaqudgha
Ru
Wu Jian

Annotations:
D:3 3 runed doors, letownia2's ghost, weakling DsTm
D:5 1 runed door, biddum's ghost, novice GrEE


Innate Abilities, Weirdness & Mutations

You are small and have problems with some larger weapons.
You are carnivorous and can eat meat at any time.


Message History

The wyvern hisses angrily.
You hit the iguana. Lightning courses through the iguana!
The iguana is severely wounded.
The iguana bites you but does no damage.
You hit the iguana. Lightning courses through the iguana!
You kill the iguana!
The Council accepts your kill.
You hit the two-headed ogre.
Lightning courses through the two-headed ogre!
The two-headed ogre is moderately wounded.
The two-headed ogre barely misses you. x2
You hit the two-headed ogre.
The two-headed ogre is moderately wounded.
You block the wyvern's attack.
You hit the two-headed ogre but do no damage.
The two-headed ogre is moderately wounded.
A two-headed ogre comes into view.
It is wielding a great mace and a giant club.
You block the wyvern's attack. The two-headed ogre barely misses you.
The two-headed ogre closely misses you.
The two-headed ogre shouts in stereo!
You puncture the two-headed ogre!
The two-headed ogre is heavily wounded.
You hear a shout!
The wyvern bites you.
You take 6 damage, and have 47/53 hp.
You hit the two-headed ogre but do no damage.
The two-headed ogre is heavily wounded.
The wyvern closely misses you.
The two-headed ogre hits you with a giant club.
The two-headed ogre hits you with a giant club!
You take 12 damage, and have 35/53 hp.
MASSIVE DAMAGE!!
You hit the two-headed ogre.
Lightning courses through the two-headed ogre!
The two-headed ogre is almost dead.
The wyvern completely misses you.
You hit the two-headed ogre.
Lightning courses through the two-headed ogre!
You kill the two-headed ogre!
The Council accepts your kill.
Your Fighting skill increases to level 6!
Your Short Blades skill increases to level 9!
Your Dodging skill increases to level 5!
The wyvern bites you.
You take 5 damage, and have 30/54 hp.
The wyvern barely misses you.
You repeatedly attack the wyvern from above.
You hit the wyvern. Lightning courses through the wyvern!
The wyvern is almost dead.
You hit the wyvern but do no damage.
The wyvern is almost dead.
You hit the wyvern.
The wyvern is almost dead.
You hit the wyvern but do no damage.
The wyvern is almost dead.
You block the wyvern's attack. The wyvern barely misses you.
You block the wyvern's attack.
You spin and attack the wyvern repeatedly.
You barely miss the wyvern.
The wyvern is almost dead.
You hit the wyvern.
You kill the wyvern!
The Council accepts your kill.
Your Evocations skill increases to level 4!
You spin and attack the two-headed ogre repeatedly.
You hit the two-headed ogre but do no damage.
Lightning courses through the two-headed ogre!
The two-headed ogre is lightly wounded.
Your shield and scale mail prevent you from hitting the two-headed ogre.
The two-headed ogre is lightly wounded.
The two-headed ogre hits you with a great mace!
* * * LOW HITPOINT WARNING * * *
You block the two-headed ogre's attack.
You take 8 damage, and have 23/54 hp.
Unknown command.
MP restored: 12 Evoke which item? (* to show all) (? for menu, Esc to quit)
Aiming: Throw Flame
Press: ? - help, Shift-Dir - straight line, f - two-headed ogre
Aim: a two-headed ogre, wielding a great mace and a giant club (lightly wounded)
The puff of flame misses the two-headed ogre.
You barely miss the two-headed ogre.
The two-headed ogre is lightly wounded.
The two-headed ogre barely misses you. The two-headed ogre closely misses you.
You hit the two-headed ogre.
The two-headed ogre is lightly wounded.
You hit the two-headed ogre.
Lightning courses through the two-headed ogre!
The two-headed ogre is heavily wounded.
The two-headed ogre hits you with a great mace!
* * * LOW HITPOINT WARNING * * *
You block the two-headed ogre's attack.
You take 7 damage, and have 17/54 hp.
You hit the two-headed ogre.
The two-headed ogre is heavily wounded.
You hit the two-headed ogre but do no damage.
The two-headed ogre is heavily wounded.
You hit the two-headed ogre.
The two-headed ogre is severely wounded.
The two-headed ogre hits you with a great mace!!
You die...

█.█ ... █.█.███████ █.█.......█
█.███████.█ █.█ ███.██ █.█
█....█████████████████
█████.█████.█...@O..............
............██████████.†.)......
█████.....███ █.█......█. █
█████.█ █...)...... █ █.█
█..█....█.. █ █.█ █.......... █
█.█ █...█..█... █ █.█
██........█ █ █.█ █...██...█


You could see a two-headed ogre.

Vanquished Creatures
  A two-headed ogre (D:8)
  A wyvern (D:8)
  An ogre (D:4)
  A phantom (D:4)
  A necrophage (D:5)
  A centaur (D:5)
  2 scorpions
  3 howler monkeys
  3 crimson imps
  A centaur zombie (D:5)
  2 hounds
  4 jellies
  2 orc wizards
  2 orc priests (D:3)
  A centaur skeleton (D:5)
  5 iguanas
  4 worker ants
  Robin (D:4)
  3 gnolls (D:5)
  5 adders
  A shadow imp (D:5)
  5 oozes (D:8)
  2 adder skeletons
  3 worms
  3 dart slugs
  A leopard gecko (D:4)
  19 orcs
  A ball python (D:5)
  5 giant cockroaches
  17 goblins
  4 hobgoblins
  11 jackals
  5 bats
  5 frilled lizards
  3 kobolds
  A leopard gecko skeleton (D:5)
  A quokka skeleton (D:4)
  A quokka zombie (D:5)
  7 rats
139 creatures vanquished.

Notes
Turn   | Place    | Note
-------+----------+-------------------------------------------
     0 | D:1      | Goblin1989 the Kobold Fighter began the quest for the Orb.
     0 | D:1      | Reached XP level 1. HP: 14/14 MP: 1/1
   165 | D:1      | Reached skill level 3 in Short Blades
   195 | D:1      | Reached XP level 2. HP: 19/19 MP: 2/2
   957 | D:2      | Reached XP level 3. HP: 21/23 MP: 3/3
  1080 | D:2      | Found a white marble altar of Elyvilon.
  1099 | D:2      | Became a worshipper of Elyvilon the Healer
  1619 | D:2      | Found an ornate altar of the Wu Jian Council.
  1636 | D:2      | Fell from the grace of Elyvilon
  1636 | D:2      | Became a worshipper of the Wu Jian Council
  1807 | D:3      | Reached XP level 4. HP: 29/29 MP: 4/4
  1997 | D:3      | Found a sacrificial altar of Ru.
  2036 | D:3      | Reached skill level 4 in Short Blades
  2195 | D:3      | Reached skill level 1 in Dodging
  2376 | D:4      | Noticed an ogre
  2399 | D:4      | Killed an ogre
  2399 | D:4      | Reached XP level 5. HP: 9/33 MP: 5/5
  2437 | D:4      | Reached skill level 5 in Short Blades
  2437 | D:4      | Reached XP level 6. HP: 15/38 MP: 6/6
  2632 | D:4      | Found a shattered altar of Ashenzari.
  2641 | D:4      | Noticed a phantom
  2643 | D:4      | Got a warped long sword
  2644 | D:4      | Identified the +6 long sword of Valour {holy, rPois rF- rC+++ MR+} (You found it on level 4 of the Dungeon)
  2650 | D:4      | Killed a phantom
  2667 | D:4      | Reached XP level 7. HP: 42/44 MP: 7/7
  2728 | D:4      | Reached * piety under Wu Jian
  2728 | D:4      | Reached skill level 6 in Short Blades
  3020 | D:4      | Found a staircase to the Ecumenical Temple.
  3132 | D:4      | Noticed Robin
  3138 | D:4      | Killed Robin
  3377 | D:5      | Entered Level 5 of the Dungeon
  3567 | D:3      | Found a runed gate.
  3567 | D:3      | Found a runed gate.
  3567 | D:3      | Found a runed gate.
  3575 | D:3      | Noticed letownia2's ghost (weakling DsTm)
  3722 | D:3      | Reached skill level 1 in Evocations
  3722 | D:3      | Reached XP level 8. HP: 48/48 MP: 8/8
  3844 | D:5      | Reached skill level 7 in Short Blades
  3858 | D:5      | Reached skill level 5 in Fighting
  3928 | D:5      | Reached ** piety under Wu Jian
  4101 | D:5      | Found an ancient bone altar of Kikubaaqudgha.
  4101 | D:5      | Found a blossoming altar of Fedhas.
  4195 | D:5      | Found a runed door.
  4195 | D:5      | Noticed biddum's ghost (novice GrEE)
  4690 | D:6      | Reached skill level 8 in Short Blades
  4772 | D:6      | Found a snail-covered altar of Cheibriados.
  4828 | D:6      | You fall through a shaft for 2 floors!
  4851 | D:8      | Reached XP level 9. HP: 53/53 MP: 11/11
  5021 | D:8      | Noticed a two-headed ogre
  5027 | D:8      | Noticed a two-headed ogre
  5031 | D:8      | Killed a two-headed ogre
  5031 | D:8      | Reached skill level 9 in Short Blades
  5031 | D:8      | Reached skill level 5 in Dodging
  5049 | D:8      | Slain by a two-headed ogre

Skill      XL: |  1  2  3  4  5  6  7  8  9 |
---------------+----------------------------+-----
Short Blades   | 3 4 5 6 8 9 |  9.3
Dodging        | 1 2 3 4 5 |  5.3
Fighting       | 4 5 6 |  6.1
Armour         | 3 4 |  4.6
Shields        | 3 4 |  4.6
Evocations     | 1 2 4 |  4.0

Action                   |  1- 3 |  4- 6 |  7- 9 || total
-------------------------+-------+-------+-------++-------
Melee: Rapier            |    20 |       |       ||    20
       Dagger            |    82 |    72 |   262 ||   416
       Long sword        |       |     4 |       ||     4
Invok: Lunge             |       |     7 |    19 ||    26
       Whirlwind         |       |       |     2 ||     2
       Wall Jump         |       |       |     1 ||     1
Evoke: Wand              |       |       |     1 ||     1
  Eat: Chunk             |    11 |     3 |     8 ||    22
Armor: Scale mail        |    28 |    19 |    21 ||    68
Dodge: Dodged            |    24 |    17 |    79 ||   120
Block: Shield            |    30 |    30 |    72 ||   132

Vault maps used:
D:1:      dpeg_arrival_chambers_temple_mockup
D:2:      elyvilon_altar_3, overflow_temple_1_default
D:3:      ebering_ghost_rock_garden, nicolae_ru_sacrificial_ziggurat
D:4:      ashenzari_altar_1, lemuel_temple_firewalk_b, first_ration,
          kennysheep_big_empty_room, uniq_robin
D:5:      grunt_temple_overflow_growth_and_decay, hellmonk_ghost_happy_afterlife
D:6:      lemuel_round_altar, slow_altar_2
D:8:      lemuel_doored_altar, kennysheep_mini_moat,
          minmay_misc_feat_more_columns, hangedman_little_slice_of_home
